TOP OF THE 1ST |
Batavia Muckdogs batting - Pitching for Tri-City Dust Devils : LHP Billy Kline
|
Pitching: LHP Billy Kline
|
|
Batting: RHB Tom Thompson
|
0-0: Ball 1-0: Ball 2-0: Ball 3-0: Base on Balls
|
Batting: LHB David Doge
|
0-0: Ball 1-0: Swinging Strike 1-1: Called Strike 1-2: Ball 2-2: Fielders Choice at 2nd, 3-6 (Groundball, 3, EV 86.2 MPH)
|
Batting: RHB Len Graham
|
0-0: Foul Ball, location: 2F 0-1: Fly out, F9 (Line Drive, 9S, EV 90.0 MPH)
|
Batting: RHB Jim Fisher
|
0-0: Ball 1-0: Called Strike 1-1: Called Strike 1-2: Fielders Choice at 2nd, U4 (Groundball, 4M, EV 101.2 MPH)
|
Top of the 1st over - 0 runs, 0 hits, 0 errors, 1 left on base; Batavia 0 - Tri-City 0 |
BOTTOM OF THE 1ST |
Tri-City Dust Devils batting - Pitching for Batavia Muckdogs : RHP Cory Levine
|
Pitching: RHP Cory Levine
|
|
Batting: LHB Ramon Vega
|
0-0: Foul Ball, location: 2F 0-1: Called Strike 0-2: Ball 1-2: Strikes out swinging
|
Batting: RHB Jaden Scott
|
0-0: Foul Ball, location: 2F 0-1: Foul Ball, location: 2F 0-2: Ball 1-2: Strikes out swinging
|
Batting: RHB Nate Burkhalter
|
0-0: Called Strike 0-1: Ball 1-1: Foul Ball, location: 2F 1-2: Ball 2-2: Strikes out looking
|
Bottom of the 1st over - 0 runs, 0 hits, 0 errors, 0 left on base; Batavia 0 - Tri-City 0 |
TOP OF THE 2ND |
Batavia Muckdogs batting - Pitching for Tri-City Dust Devils : LHP Billy Kline
|
Batting: RHB J.D. Vander Klok
|
0-0: DOUBLE (Groundball, 5L, EV 105.0 MPH)
|
Batting: RHB Andy Kelly
|
0-0: DOUBLE (Flyball, 8LXD, EV 100.0 MPH) J.D. Vander Klok scores
|
Batting: LHB Ryan Thompson
|
0-0: Ball 1-0: Called Strike 1-1: Called Strike 1-2: SINGLE (Groundball, 34D, EV 106.2 MPH) Andy Kelly to third
|
Batting: RHB Wilson Valdez
|
0-0: Ball 1-0: Foul Ball, location: 2F 1-1: Called Strike 1-2: Foul Ball, location: 2F 1-2: Foul Ball, location: 2F 1-2: Ball 2-2: Foul Ball, location: 2F 2-2: Foul Ball, location: 2F 2-2: Strikes out looking
|
Batting: SHB Yoo-chul Jung
|
0-0: SINGLE (Groundball, 56D, EV 94.4 MPH) Andy Kelly scores Ryan Thompson to second
|
Batting: RHB Tom Thompson
|
0-0: Called Strike 0-1: Called Strike 0-2: Strikes out swinging
|
Batting: LHB David Doge
|
0-0: Called Strike 0-1: Called Strike 0-2: Fly out, F8 (Flyball, 89S, EV 95.0 MPH)
|
Top of the 2nd over - 2 runs, 4 hits, 0 errors, 2 left on base; Batavia 2 - Tri-City 0 |
BOTTOM OF THE 2ND |
Tri-City Dust Devils batting - Pitching for Batavia Muckdogs : RHP Cory Levine
|
Batting: RHB Kalidas Mishra
|
0-0: Called Strike 0-1: Ball 1-1: Ball 2-1: Ball 3-1: Base on Balls
|
Batting: LHB Mike Schermerhorn
|
0-0: Ball Kalidas Mishra is caught stealing 2nd base 2-6 1-0: Ball 2-0: Foul Ball, location: 2F 2-1: Foul Ball, location: 2F 2-2: Strikes out looking
|
Batting: LHB Roger Duque
|
0-0: Swinging Strike 0-1: Swinging Strike 0-2: Ball 1-2: Strikes out swinging
|
Bottom of the 2nd over - 0 runs, 0 hits, 0 errors, 0 left on base; Batavia 2 - Tri-City 0 |
TOP OF THE 3RD |
Batavia Muckdogs batting - Pitching for Tri-City Dust Devils : LHP Billy Kline
|
Batting: RHB Len Graham
|
0-0: Reached on error, E3 (Groundball, 34, EV 96.2 MPH)
|
Batting: RHB Jim Fisher
|
0-0: Foul Ball, location: 2F 0-1: Ball Balk! Len Graham to second 1-1: Ball 2-1: Ball 3-1: Foul Ball, location: 2F 3-2: Foul Ball, location: 2F 3-2: Ground out 6-3 (Groundball, 6, EV 105.0 MPH)
|
Batting: RHB J.D. Vander Klok
|
0-0: Ball 1-0: Ball 2-0: Foul Ball, location: 2F 2-1: Ball 3-1: Base on Balls
|
Batting: RHB Andy Kelly
|
0-0: Ball 1-0: Foul Ball, location: 2F 1-1: Foul Ball, location: 2F 1-2: Ball 2-2: Strikes out looking
|
Batting: LHB Ryan Thompson
|
0-0: Ball 1-0: Called Strike 1-1: Foul Ball, location: 2F 1-2: Foul Ball, location: 2F 1-2: Ground out 6-3 (Groundball, 6S, EV 88.8 MPH)
|
Top of the 3rd over - 0 runs, 0 hits, 1 error, 2 left on base; Batavia 2 - Tri-City 0 |
BOTTOM OF THE 3RD |
Tri-City Dust Devils batting - Pitching for Batavia Muckdogs : RHP Cory Levine
|
Batting: SHB Alex Orozco
|
0-0: Ball 1-0: Ball 2-0: Ground out U3 (Groundball, 34S, EV 77.5 MPH)
|
Batting: RHB Rich Justice
|
0-0: Called Strike 0-1: Ground out 6-3 (Groundball, 56, EV 85.0 MPH)
|
Batting: RHB Tyler West
|
0-0: Ball 1-0: Ground out 1-3 (Groundball, 13S, EV 64.4 MPH)
|
Bottom of the 3rd over - 0 runs, 0 hits, 0 errors, 0 left on base; Batavia 2 - Tri-City 0 |
TOP OF THE 4TH |
Batavia Muckdogs batting - Pitching for Tri-City Dust Devils : LHP Billy Kline
|
Batting: RHB Wilson Valdez
|
0-0: Ball 1-0: Called Strike 1-1: Ball 2-1: Ball 3-1: Reached on error, E6 (Groundball, 56, EV 108.8 MPH)
|
Batting: SHB Yoo-chul Jung
|
0-0: Called Strike 0-1: Ball 1-1: Called Strike 1-2: DOUBLE (Groundball, 3L, EV 105.6 MPH) Wilson Valdez scores
|
Batting: RHB Tom Thompson
|
0-0: Called Strike 0-1: Ground out 6-3 (Groundball, 6, EV 91.9 MPH)
|
Batting: LHB David Doge
|
0-0: Ground out 4-3 (Groundball, 4, EV 92.5 MPH) Yoo-chul Jung to third
|
Batting: RHB Len Graham
|
0-0: Ball 1-0: Called Strike 1-1: Fly out, F3 (Popup, 3SF, EV 68.1 MPH)
|
Top of the 4th over - 1 run, 1 hit, 1 error, 1 left on base; Batavia 3 - Tri-City 0 |
BOTTOM OF THE 4TH |
Tri-City Dust Devils batting - Pitching for Batavia Muckdogs : RHP Cory Levine
|
Batting: LHB Ramon Vega
|
0-0: Ground out 6-3 (Groundball, 6M, EV 88.1 MPH)
|
Batting: RHB Jaden Scott
|
0-0: Ball 1-0: Ball 2-0: Foul Ball, location: 2F 2-1: Ball 3-1: Base on Balls
|
Batting: RHB Nate Burkhalter
|
0-0: Ball 1-0: Called Strike Jaden Scott steals 2nd base 1-1: Swinging Strike 1-2: Foul Ball, location: 2F 1-2: Fly out, F9 (Flyball, 89D, EV 110.6 MPH)
|
Batting: RHB Kalidas Mishra
|
0-0: Called Strike 0-1: Ball 1-1: SINGLE (Flyball, 8RS, EV 96.9 MPH) Jaden Scott to third Runner from 3rd tries for Home, SAFE, throw by CF to home
|
Batting: LHB Mike Schermerhorn
|
0-0: Called Strike 0-1: Called Strike Kalidas Mishra steals 2nd base 0-2: Foul Ball, location: 2F 0-2: Ball Wild Pitch! Kalidas Mishra to third 1-2: Foul Ball, location: 2F 1-2: Strikes out swinging
|
Bottom of the 4th over - 1 run, 1 hit, 0 errors, 1 left on base; Batavia 3 - Tri-City 1 |
TOP OF THE 5TH |
Batavia Muckdogs batting - Pitching for Tri-City Dust Devils : LHP Billy Kline
|
Batting: RHB Jim Fisher
|
0-0: Called Strike 0-1: Foul Ball, location: 2F 0-2: Strikes out looking
|
Batting: RHB J.D. Vander Klok
|
0-0: Ball 1-0: Called Strike 1-1: Ground out 5-3 (Groundball, 5, EV 86.2 MPH)
|
Batting: RHB Andy Kelly
|
0-0: Called Strike 0-1: Ball 1-1: Called Strike 1-2: Foul Ball, location: 2F 1-2: Ground out 6-3 (Groundball, 6, EV 84.4 MPH)
|
Top of the 5th over - 0 runs, 0 hits, 0 errors, 0 left on base; Batavia 3 - Tri-City 1 |
BOTTOM OF THE 5TH |
Tri-City Dust Devils batting - Pitching for Batavia Muckdogs : RHP Cory Levine
|
Batting: LHB Roger Duque
|
0-0: Ball 1-0: Fly out, F2 (Popup, 25F, EV 90.6 MPH)
|
Batting: SHB Alex Orozco
|
0-0: Ball 1-0: Foul Ball, location: 2F 1-1: Called Strike 1-2: Foul Ball, location: 2F 1-2: Foul Ball, location: 2F 1-2: Ball 2-2: Ground out 4-3 (Groundball, 34, EV 93.8 MPH)
|
Batting: RHB Rich Justice
|
0-0: Called Strike 0-1: Ball 1-1: Foul Ball, location: 2F 1-2: Foul Ball, location: 2F 1-2: Ball 2-2: Ball 3-2: Base on Balls
|
Batting: RHB Tyler West
|
0-0: Called Strike 0-1: Called Strike 0-2: Ball 1-2: Foul Ball, location: 2F 1-2: Ground out 5-3 (Groundball, 56S, EV 91.2 MPH)
|
Bottom of the 5th over - 0 runs, 0 hits, 0 errors, 1 left on base; Batavia 3 - Tri-City 1 |
TOP OF THE 6TH |
Batavia Muckdogs batting - Pitching for Tri-City Dust Devils : LHP Billy Kline
|
Batting: LHB Ryan Thompson
|
0-0: Ball 1-0: Foul Ball, location: 2F 1-1: Ball 2-1: Called Strike 2-2: Foul Ball, location: 2F 2-2: SINGLE (Line Drive, 89S, EV 103.1 MPH)
|
Batting: RHB Wilson Valdez
|
0-0: Called Strike 0-1: Ball 1-1: Ground out U3 (Groundball, 34S, EV 73.1 MPH) Ryan Thompson to second
|
Batting: SHB Yoo-chul Jung
|
0-0: Hit by Pitch
|
Batting: RHB Tom Thompson
|
0-0: Ball 1-0: Swinging Strike 1-1: Ball 2-1: Reached on error, E3 (Groundball, 13, EV 83.8 MPH) Ryan Thompson to third Yoo-chul Jung to second
|
Batting: LHB David Doge
|
0-0: Called Strike 0-1: Ball 1-1: Ball 2-1: Called Strike 2-2: Ball 3-2: Base on Balls Ryan Thompson scores Yoo-chul Jung to third Tom Thompson to second
|
Batting: RHB Len Graham
|
0-0: Swinging Strike 0-1: Called Strike 0-2: Ball 1-2: Foul Ball, location: 2F 1-2: Strikes out swinging
|
Pitching: RHP Nick Jamison
|
|
Batting: RHB Jim Fisher
|
0-0: Called Strike 0-1: Foul Ball, location: 2F 0-2: Ball 1-2: Ball 2-2: Foul Ball, location: 2F 2-2: Fly out, F7 (Flyball, 7LS, EV 88.8 MPH)
|
Top of the 6th over - 1 run, 1 hit, 1 error, 3 left on base; Batavia 4 - Tri-City 1 |
BOTTOM OF THE 6TH |
Tri-City Dust Devils batting - Pitching for Batavia Muckdogs : RHP Cory Levine
|
Batting: LHB Ramon Vega
|
0-0: Ball 1-0: Ball 2-0: TRIPLE (Line Drive, 8LD, EV 110.0 MPH)
|
Batting: RHB Jaden Scott
|
0-0: Ground out 1-3 (Groundball, 13S, EV 70.0 MPH)
|
Batting: RHB Nate Burkhalter
|
0-0: SINGLE (Groundball, 6MD, EV 105.6 MPH) Ramon Vega scores
|
Batting: RHB Kalidas Mishra
|
0-0: Called Strike 0-1: Ball 1-1: Called Strike 1-2: Foul Ball, location: 2F 1-2: Fly out, F7 (Flyball, 7, EV 88.8 MPH)
|
Batting: LHB Mike Schermerhorn
|
0-0: Foul Ball, location: 2F 0-1: Ball 1-1: Ball 2-1: Ball 3-1: Base on Balls Nate Burkhalter to second
|
Batting: LHB Roger Duque
|
0-0: Ball 1-0: Ground out 6-3 (Groundball, P, EV 80.6 MPH)
|
Bottom of the 6th over - 1 run, 2 hits, 0 errors, 2 left on base; Batavia 4 - Tri-City 2 |
TOP OF THE 7TH |
Batavia Muckdogs batting - Pitching for Tri-City Dust Devils : RHP Nick Jamison
|
Batting: RHB J.D. Vander Klok
|
0-0: Called Strike 0-1: Called Strike 0-2: SINGLE (Line Drive, 8LS, EV 90.0 MPH)
|
Batting: RHB Andy Kelly
|
0-0: Ball 1-0: Ball 2-0: Called Strike 2-1: Foul Ball, location: 2F 2-2: Foul Ball, location: 2F 2-2: Strikes out swinging
|
Batting: LHB Ryan Thompson
|
0-0: Called Strike J.D. Vander Klok is caught stealing 2nd base 2-6 0-1: Called Strike 0-2: Ball 1-2: Ball 2-2: Foul Ball, location: 2F 2-2: Foul Ball, location: 2F 2-2: Foul Ball, location: 2F 2-2: DOUBLE (Groundball, 3L, EV 100.6 MPH)
|
Batting: RHB Wilson Valdez
|
0-0: Ball 1-0: Ball 2-0: Fly out, F3 (Popup, 3F, EV 61.9 MPH)
|
Top of the 7th over - 0 runs, 2 hits, 0 errors, 1 left on base; Batavia 4 - Tri-City 2 |
BOTTOM OF THE 7TH |
Tri-City Dust Devils batting - Pitching for Batavia Muckdogs : RHP Cory Levine
|
Pitching: RHP James Bitner
|
|
Batting: SHB Alex Orozco
|
0-0: Called Strike 0-1: Foul Ball, location: 2F 0-2: Foul Ball, location: 2F 0-2: Hit by Pitch
|
Pinch Runner at 1st Sammy Roddenberry:
|
|
Batting: RHB Rich Justice
|
0-0: Bunted foul 0-1: Sac Bunt to 25 - play at first, batter OUT! 5-4 Sammy Roddenberry to second
|
Pinch Hitting: SHB Yutaro Takahashi
|
0-0: Called Strike 0-1: Fly out, F7 (Flyball, 7D, EV 100.6 MPH) Runner from 2nd tags up, SAFE at 3rd, no throw by LF
|
Batting: LHB Ramon Vega
|
0-0: Foul Ball, location: 2F 0-1: Foul Ball, location: 2F 0-2: Hit by Pitch
|
Batting: RHB Jaden Scott
|
0-0: Called Strike 0-1: Ball 1-1: Foul Ball, location: 2F 1-2: Ball 2-2: Strikes out looking
|
Bottom of the 7th over - 0 runs, 0 hits, 0 errors, 2 left on base; Batavia 4 - Tri-City 2 |
TOP OF THE 8TH |
Batavia Muckdogs batting - Pitching for Tri-City Dust Devils : RHP Nick Jamison
|
Now at 1B: Mike Maserang
|
|
Now at 2B: Jaden Scott
|
|
Now in CF: Sammy Roddenberry
|
|
Batting: SHB Yoo-chul Jung
|
0-0: Called Strike 0-1: Foul Ball, location: 2F 0-2: Ball 1-2: DOUBLE (Line Drive, 9LM, EV 105.0 MPH)
|
Batting: RHB Tom Thompson
|
0-0: Foul Ball, location: 2F 0-1: Ball 1-1: Ball 2-1: Ball 3-1: Foul Ball, location: 2F 3-2: Fly out, F9 (Flyball, 89M, EV 92.5 MPH)
|
Batting: LHB David Doge
|
0-0: Called Strike 0-1: Fly out, F8 (Flyball, 8RM, EV 88.1 MPH)
|
Batting: RHB Len Graham
|
0-0: Called Strike 0-1: Ball 1-1: Ball 2-1: DOUBLE (Line Drive, 78D, EV 111.9 MPH) Yoo-chul Jung scores
|
Batting: RHB Jim Fisher
|
0-0: Ball 1-0: Ball 2-0: Swinging Strike 2-1: Foul Ball, location: 2F 2-2: DOUBLE (Groundball, 5L, EV 102.5 MPH) Len Graham scores
|
Pitching: RHP Daisuke Tashima
|
|
Batting: RHB J.D. Vander Klok
|
0-0: Foul Ball, location: 2F 0-1: Swinging Strike 0-2: Strikes out swinging, 2-3 out at first.
|
Top of the 8th over - 2 runs, 3 hits, 0 errors, 1 left on base; Batavia 6 - Tri-City 2 |
BOTTOM OF THE 8TH |
Tri-City Dust Devils batting - Pitching for Batavia Muckdogs : RHP James Bitner
|
Pitching: RHP Mike Yorke
|
|
Batting: RHB Nate Burkhalter
|
0-0: Ground out 3-1 (Groundball, 34, EV 85.0 MPH)
|
Batting: RHB Kalidas Mishra
|
0-0: Called Strike 0-1: SOLO HOME RUN (Flyball, 78XD, EV 104.4 MPH), Distance : 407 ft
|
Batting: LHB Mike Schermerhorn
|
0-0: Swinging Strike 0-1: Ball 1-1: Swinging Strike 1-2: Ball 2-2: Strikes out swinging
|
Batting: LHB Roger Duque
|
0-0: Ball 1-0: Ball 2-0: Ball 3-0: Called Strike 3-1: Base on Balls
|
Batting: LHB Sammy Roddenberry
|
0-0: Swinging Strike 0-1: Foul Ball, location: 2F 0-2: Ball 1-2: Foul Ball, location: 2F 1-2: Foul Ball, location: 2F 1-2: Ball 2-2: Ball 3-2: Foul Ball, location: 2F 3-2: Foul Ball, location: 2F 3-2: Strikes out swinging
|
Bottom of the 8th over - 1 run, 1 hit, 0 errors, 1 left on base; Batavia 6 - Tri-City 3 |
TOP OF THE 9TH |
Batavia Muckdogs batting - Pitching for Tri-City Dust Devils : RHP Daisuke Tashima
|
Pitching: RHP Angelo Radford
|
|
Batting: RHB Andy Kelly
|
0-0: Called Strike 0-1: Foul Ball, location: 2F 0-2: Fly out, F3 (Line Drive, 3, EV 66.2 MPH)
|
Batting: LHB Ryan Thompson
|
0-0: Ball 1-0: Swinging Strike 1-1: Ball 2-1: Fly out, F8 (Flyball, 89D, EV 89.4 MPH)
|
Batting: RHB Wilson Valdez
|
0-0: Called Strike 0-1: Ball 1-1: Foul Ball, location: 2F 1-2: Ball 2-2: Fly out, F5 (Popup, 25F, EV 87.5 MPH)
|
Top of the 9th over - 0 runs, 0 hits, 0 errors, 0 left on base; Batavia 6 - Tri-City 3 |
BOTTOM OF THE 9TH |
Tri-City Dust Devils batting - Pitching for Batavia Muckdogs : RHP Mike Yorke
|
Pitching: RHP Dan Durand
|
|
Batting: RHB Rich Justice
|
0-0: Foul Ball, location: 2F 0-1: Ball 1-1: Swinging Strike 1-2: Strikes out swinging
|
Batting: RHB Mike Maserang
|
0-0: Ball 1-0: Called Strike 1-1: Fly out, F4 (Line Drive, 4, EV 65.0 MPH)
|
Batting: LHB Ramon Vega
|
0-0: Ground out 4-3 (Groundball, 4M, EV 100.0 MPH)
|
Bottom of the 9th over - 0 runs, 0 hits, 0 errors, 0 left on base; Batavia 6 - Tri-City 3 |
|